 Dungeon Crawl Stone Soup version 0.27-a0-1281-ge233d83751 (webtiles) character file.

Game seed: 3771605871143794110

144 Ijustatesigmund the Sneak (level 5, -2/27 HPs)
             Began as a Spriggan Brigand on June 14, 2021.
             Slain by Grinder (7 damage)
             ... on level 3 of the Dungeon.
             The game lasted 00:07:20 (3302 turns).

Ijustatesigmund the Sneak (Spriggan Brigand)        Turns: 3302, Time: 00:07:22

Health: -2/27      AC:  3    Str:  7    XL:     5   Next: 5%
Magic:  6/6        EV: 15    Int: 12    God:
Gold:   83         SH:  0    Dex: 18    Spells: 4/4 levels left

rFire    . . .     SeeInvis +   a - +1 short sword (holy)
rCold    . . .     Faith    .   (shield restricted)
rNeg     + . .     Spirit   .   b - +0 robe
rPois    .         Reflect  .   (helmet restricted)
rElec    .         Harm     .   m - +0 cloak
rCorr    .         Rampage  .   (gloves unavailable)
Will     .....                  (boots unavailable)
Stlth    ++++......             (no amulet)
HPRegen  0.09/turn              i - ring of positive energy
MPRegen  0.10/turn              (no ring)

@: about to teleport, attractive, constricted, very quick
A: very small, no large weapons, unfitting armour, see invisible, speed 3,
hooves 1
a: no special abilities


You were on level 3 of the Dungeon.
You visited 1 branch of the dungeon, and saw 4 of its levels.

You collected 83 gold pieces.

Inventory:

Hand Weapons
 a - a +1 short sword of holy wrath (weapon)
 h - a +2 dagger
Missiles
 d - 6 poisoned darts (quivered)
 e - a curare-tipped dart
Armour
 b - a +0 robe (worn)
 c - a +0 cloak
 m - a +0 cloak (worn)
Jewellery
 i - a ring of positive energy (left hand)
Scrolls
 g - 2 scrolls of teleportation
 j - a scroll of magic mapping {unknown}
 l - a scroll of blinking {unknown}
 n - a scroll of immolation {unknown}
Potions
 k - a potion of mutation


   Skills:
 + Level 2.5 Fighting
 + Level 3.4 Short Blades
 - Level 2.6 Throwing
 + Level 3.3 Dodging
 - Level 6.5 Stealth


You had 4 spell levels left.
You didn't know any spells.
Your spell library contained the following spells:

 Spells                   Type           Power      Damage    Failure   Level
 Summon Small Mammal      Summ           0%         N/A       32%         1
 Call Imp                 Summ           0%         N/A       45%         2
 Call Canine Familiar     Summ           0%         N/A       69%         3
 Summon Guardian Golem    Hex/Summ       0%         N/A       69%         3
 Summon Ice Beast         Ice/Summ       0%         N/A       97%         4
 Summon Lightning Spire   Summ/Air       0%         N/A       97%         4


Dungeon Overview and Level Annotations

Branches:
Dungeon (4/15)
 Temple: D:4-7

Altars:
The Shining One

Shops:
D:2 =

Annotations:
D:3 Grinder


Innate Abilities, Weirdness & Mutations

You are very small and have problems with some larger weapons.
You are too small for most types of armour.
You have supernaturally acute eyesight. (SInv)
You cover ground extremely quickly. (Speed+++)
You have large cloven feet.


Message History

The hobgoblin shouts!
The ball python bites you. The ball python grabs you.
The ball python constricts you. The ball python bites you.
The ball python constricts you. Grinder gestures at you.
Pain shoots through your body!
The ball python bites you but does no damage.
The ball python constricts you.
The hobgoblin hits you but does no damage.
The ball python bites you. The ball python constricts you.
Grinder gestures at you. You resist with some effort.
The ball python bites you but does no damage.
The ball python constricts you.
The hobgoblin hits you but does no damage.
A goblin comes into view. It is wielding a +0 dagger.
The ball python bites you but does no damage.
The ball python constricts you. The hobgoblin hits you.
The ball python bites you but does no damage.
The ball python constricts you. The hobgoblin hits you.
You can move again.
As you read the scroll of teleportation, it crumbles to dust.
You feel strangely unstable. The ball python misses you.
The ball python constricts you. The hobgoblin completely misses you.
Grinder gestures at you. Pain shoots through your body!
* * * LOW HITPOINT WARNING * * *
The ball python closely misses you. The ball python constricts you.
It was a potion of mutation.
You feel extremely strange.
Your feet thicken and deform.
The hobgoblin misses you. The ball python barely misses you.
The ball python constricts you.
It was a potion of attraction.
You feel attractive to monsters. The ball python closely misses you.
* * * LOW HITPOINT WARNING * * *
The ball python constricts you. The hobgoblin hits you.
* * * LOW HITPOINT WARNING * * *
Grinder hits you!
You die...

......##..##.....# ##.
......#.#..##..#### #.
....##.#...##..# ####.
..#.##....##..# #....
.#.#.#........# #.###
#.#.......#)# #.#
#......#.#)#####.###
#.gSg....#.#........
#..@.....#.#.###....
#..5................
#.#.....#.##.####.###
#w#.#....#.#.#.###.#
g.#.##.......###....#
....##.#...#.#.#.###.#
......#.#..#.##..# #.#
......##..#.##..#
#.### .....
.#.#.##..###....


You could see Grinder, a worm, a hobgoblin, 2 goblins and a ball python.

Vanquished Creatures
  Terence (D:3)
  Robin (D:4)
  3 adders
  2 worms (D:2)
  A dart slug (D:2)
  3 orcs (D:3)
  2 endoplasms
  2 giant cockroaches
  7 hobgoblins
  8 jackals (D:1)
  6 kobolds
  A quokka (D:1)
  5 ball pythons
  6 bats
  2 frilled lizards (D:1)
  9 goblins
  7 rats
66 creatures vanquished.

Notes
Turn   | Place    | Note
-------+----------+-------------------------------------------
     0 | D:1      | Ijustatesigmund the Spriggan Brigand began the quest for
                  | the Orb.
     0 | D:1      | Reached XP level 1. HP: 10/10 MP: 2/2
   188 | D:1      | Reached skill level 6 in Stealth
   192 | D:1      | Reached XP level 2. HP: 13/15 MP: 3/3
  1110 | D:2      | Reached XP level 3. HP: 8/18 MP: 4/4
  1750 | D:2      | Found Guush's Jewellery Emporium.
  1760 | D:2      | Found a glowing golden altar of the Shining One.
  1939 | D:2      | Reached XP level 4. HP: 23/23 MP: 5/5
  2272 | D:3      | Noticed Terence
  2307 | D:3      | Killed Terence
  2559 | D:3      | Noticed Robin
  2747 | D:4      | Killed Robin
  2905 | D:4      | Reached XP level 5. HP: 27/27 MP: 6/6
  3291 | D:3      | Noticed Grinder
  3292 | D:3      | Paralysed by Grinder for 7 turns
  3301 | D:3      | Gained mutation: You have large cloven feet. [potion of
                  | mutation]
  3302 | D:3      | Slain by Grinder

Illustrated notes

Levels and vault maps discovered:
D:1:      dpeg_arrival_snail, layout_loops_ring, minmay_pentomino_u2
D:2:      layout_rooms, basic_altar, serial_shops, nicolae_shop_trees,
          dk_vineyard_2
D:3:      layout_loops_ring, nicolae_wu_jian_immortal_techniques,
          shapermc_ecumenical_altar_totnotflames, serial_park_tiny_2,
          minmay_misc_feat_secret_circle, uniq_robin, uniq_grinder, uniq_terence
D:4:      cheibrodos_greedy_goblins, layout_loops_ring, old_standard_altar,
          nicolae_kikubaaqudgha_miasma_corner, uniq_crazy_yiuf_cottage

Skill      XL: |  1  2  3  4 |
---------------+-------------+-----
Stealth        | 6 |  6.5
Dodging        | 2 3 |  3.3
Fighting       | 2 |  2.5
Short Blades   | 3 |  3.4
Throwing       | |  2.6

Action                   |  1- 3 |  4- 6 || total
-------------------------+-------+-------++-------
Melee: Dagger            |    27 |       ||    27
       Short sword       |   113 |    61 ||   174
Throw: Dart              |     7 |    12 ||    19
  Use: Scroll            |     2 |     1 ||     3
       Potion            |     1 |     2 ||     3
 Stab: Sleeping          |    11 |     6 ||    17
       Distracted        |       |     2 ||     2
Armor: Robe              |    23 |     8 ||    31
Dodge: Dodged            |   146 |    60 ||   206

Table legend: (Time is in decaauts)
 A = Elapsed time spent in this place.
 B = Non-inter-level travel time spent in this place.
 C = Inter-level travel time spent in this place.
 D = Time resting spent in this place.
 E = Time spent auto-exploring this place.
 F = Levels seen in this place.
 G = Mean time per level.
                   A        B        C        D        E       F      G
               +--------+--------+--------+--------+--------+-----+--------+
         Total |   2702 |   2693 |      9 |   1223 |    924 |   4 |  675.5 |
       Dungeon |   2702 |   2693 |      9 |   1223 |    924 |   4 |  675.5 |
               +--------+--------+--------+--------+--------+-----+--------+

Top non-repeatable levels by time:
     D:1: 1266 daAuts
     D:3: 612 daAuts
     D:2: 448 daAuts
     D:4: 373 daAuts
